 Dungeon Crawl Stone Soup version 0.23-a0-455-ge12115f (webtiles) character file.

180 mhoghedin the Sneak (level 5, 0/32 HPs)
             Began as a Kobold Artificer on Nov 24, 2018.
             Slain by an ogre
             ... wielding a +0 giant spiked club
              (23 damage)
             ... on level 4 of the Dungeon.
             The game lasted 00:02:20 (2603 turns).

mhoghedin the Sneak (Kobold Artificer)              Turns: 2603, Time: 00:02:21

Health: 0/32       AC:  3    Str: 10    XL:     5   Next: 91%
Magic:  7/7        EV: 14    Int: 13    God:
Gold:   93         SH:  0    Dex: 15    Spells: 4/4 levels left

rFire    . . .     SeeInvis .   a - +1 short sword
rCold    . . .     Gourm    .   (shield restricted)
rNeg     . . .     Faith    .   b - +0 leather armour
rPois    .         Spirit   .   (no helmet)
rElec    .         Reflect  .   (no cloak)
rCorr    .         Harm     .   (no gloves)
MR       .....                  (no boots)
Stlth    +++.......             (no amulet)
HPRegen  0.10/turn              h - +3 ring of slaying
MPRegen  0.10/turn              (no ring)

@: no status effects
A: small, carnivore
a: no special abilities


You were on level 4 of the Dungeon.
You were not hungry.

You visited 1 branch of the dungeon, and saw 4 of its levels.

You collected 93 gold pieces.

Inventory:

Hand Weapons
 a - a +1 short sword (weapon)
Armour
 b - a +0 leather armour (worn)
Jewellery
 h - a +3 ring of slaying (left hand)
   (You found it on level 1 of the Dungeon)
 n - a +4 ring of dexterity {unknown}
   (You found it on level 2 of the Dungeon)
Wands
 c - a wand of flame (15)
 d - a wand of enslavement (15)
 e - a wand of random effects (15)
Scrolls
 g - a scroll of fog {unknown}
Potions
 i - 3 potions of curing
 j - a potion of magic {unknown}
Comestibles
 f - 6 rations


   Skills:
 + Level 3.3 Fighting
 + Level 4.1 Short Blades
 - Level 2.4 Dodging
 + Level 4.5 Stealth
 - Level 3.6 Evocations


You had 4 spell levels left.
You didn't know any spells.
Your spell library was empty.

Dungeon Overview and Level Annotations

Branches:
Dungeon (4/15)
 Temple: D:4-7

Altars:
The Shining One


Innate Abilities, Weirdness & Mutations

You are small and have problems with some larger weapons.
You are carnivorous and can eat meat at any time.


Message History

The teleport trap disappears.
Your surroundings suddenly seem different.
There is a stone staircase leading up here.
There is a stone staircase leading up here.
An orc comes into view. It is wielding a -3 short sword.
An orc is nearby!
An orc comes into view.
The orc shouts! x2
The orc completely misses you.
You hit the orc. The orc completely misses you.
You completely miss the orc. You puncture the orc!
You kill the orc!
The orc closely misses you.
Things that are here:
a cursed -3 short sword; an orc corpse You puncture the orc!
You kill the orc!
No target in view!
No target in view!
No target in view!
No target in view!
No target in view!
No target in view!
No target in view!
No target in view!
No target in view!
No target in view!
No target in view!
You see here an orc corpse.
A goblin comes into view.
A goblin is nearby!
A goblin is nearby!
The helpless goblin fails to defend itself.
You impale the goblin!!
You kill the goblin!
No target in view!
No target in view!
No target in view!
No target in view!
No target in view!
No target in view!
No target in view!
You see here a goblin corpse.
You see here 17 stones.
g - a scroll labeled UPONNOLAHU
There is a stone staircase leading up here.
Items here: ))) [[ a +0 hand axe; a +0 leather armour; a +0 dagger x2; a +0 robe
i - 3 potions of curing (gained 1)
You see here 18 arrows.
You see here a goblin corpse.
Done exploring.
No target in view!
No target in view!
No target in view!
No target in view!
No target in view!
No target in view!
Done exploring.
Done exploring.
Done exploring.
No target in view!
(D) Dungeon
Where to? (Enter - D:3, ? - help)
What level of the Dungeon? (default 1, ? - help)
Okay, then.
Unknown command.
Unknown command.
(D) Dungeon
Where to? (Enter - D:3, ? - help)
What level of the Dungeon? (default 1, ? - help)
Okay, then.
Unknown command.
Unknown command.
(D) Dungeon
Where to? (Enter - D:3, ? - help)
There is a stone staircase leading up here.
Items here: ))) [[ a +0 hand axe; a +0 leather armour; a +0 dagger x2; a +0 robe
There is a stone staircase leading down here.
You climb downwards.
There is a stone staircase leading up here.
j - a sedimented yellow potion
There is a stone staircase leading up here.
An ogre comes into view. It is wielding a +0 giant spiked club.
The ogre shouts!
The ogre hits you with a +0 giant spiked club!
You take 9 damage, and have 23/32 hp.
MASSIVE DAMAGE!!
You hit the ogre. The ogre barely misses you.
You barely miss the ogre. You hit the ogre but do no damage.
The ogre closely misses you.
You barely miss the ogre. The ogre barely misses you.
Your leather armour prevents you from hitting the ogre.
You hit the ogre. The ogre misses you.
You hit the ogre.
The ogre hits you with a +0 giant spiked club!!
Ouch! That really hurt!
You die...

....# ..#.# #.#.#
#.#.#
#########.#.#
..........#.####.#
########.<.......#
####.#######.#
#...@O....#
###########


You could see an ogre.

Vanquished Creatures
  A centaur (D:2)
  An orc wizard (D:3)
  An adder (D:3)
  A worm (D:3)
  A dart slug (D:3)
  2 leopard geckos (D:1)
  12 orcs (D:3)
  A ball python (D:2)
  6 bats
  5 goblins
  3 hobgoblins
  3 jackals (D:3)
  3 kobolds
  A frilled lizard (D:2)
  5 rats
46 creatures vanquished.

Notes
Turn   | Place    | Note
-------+----------+-------------------------------------------
     0 | D:1      | mhoghedin the Kobold Artificer began the quest for the Orb.
     0 | D:1      | Reached XP level 1. HP: 12/12 MP: 3/3
   322 | D:1      | Reached XP level 2. HP: 15/16 MP: 4/4
   326 | D:1      | Reached skill level 2 in Stealth
   368 | D:1      | Reached skill level 2 in Short Blades
   506 | D:2      | Noticed a centaur
   514 | D:2      | Killed a centaur
   514 | D:2      | Reached skill level 2 in Fighting
   514 | D:2      | Reached skill level 3 in Short Blades
   514 | D:2      | Reached skill level 3 in Stealth
   514 | D:2      | Reached XP level 3. HP: 12/22 MP: 5/5
   514 | D:2      | Reached XP level 4. HP: 15/27 MP: 6/6
   748 | D:2      | Reached XP level 5. HP: 32/32 MP: 7/7
  1303 | D:2      | Found a glowing golden altar of the Shining One.
  1482 | D:3      | Reached skill level 3 in Fighting
  1482 | D:3      | Reached skill level 4 in Stealth
  2018 | D:3      | Reached skill level 4 in Short Blades
  2593 | D:4      | Noticed an ogre
  2603 | D:4      | Slain by an ogre

Vault maps used:
D:1:      mrwooster_arrival_statue_2
D:2:      nicolae_tso_swordbearing_angel
D:3:      first_ration, minmay_cut_off

Skill      XL: |  1  2  3  4  5 |
---------------+----------------+-----
Stealth        | 3 4 |  4.5
Short Blades   | 3 4 |  4.1
Fighting       | 2 3 |  3.3
Dodging        | |  2.4
Evocations     | |  3.6

Action                   |  1- 3 |  4- 6 || total
-------------------------+-------+-------++-------
Melee: Short sword       |    49 |   118 ||   167
  Use: Scroll            |       |     6 ||     6
       Potion            |       |     4 ||     4
 Stab: Sleeping          |     2 |     2 ||     4
  Eat: Chunk             |     1 |     5 ||     6
Armor: Leather armour    |    12 |    18 ||    30
Dodge: Dodged            |    50 |    60 ||   110

Table legend:
 A = Non-vault XP
 B = Vault XP
 C = Vault XP percentage of total XP
 D = Non-vault monster count
 E = Vault monster count
 F = Vault count percentage of total count
                 A         B        C        D         E       F
            +---------+---------+-------+---------+---------+-------
      Total |     250 |       8 |   3.1 |      44 |       2 |   4.3
            +---------+---------+-------+---------+---------+-------
        D:1 |      20 |       0 |   0.0 |      10 |       0 |   0.0
        D:2 |     123 |       0 |   0.0 |       9 |       0 |   0.0
        D:3 |     107 |       8 |   7.0 |      25 |       2 |   7.4
            +---------+---------+-------+---------+---------+-------

Vault maps used:
D:1:      mrwooster_arrival_statue_2
D:2:      nicolae_tso_swordbearing_angel
D:3:      first_ration, minmay_cut_off

Table legend:
 A = Turns spent in this place as a percentage of turns spent in the entire game.
 B = Non-inter-level travel turns spent in this place as a percentage of non-inter-level travel turns spent in the entire game.
 C = Inter-level travel turns spent in this place as a percentage of turns spent in this place.
 D = Turns resting spent in this place as a percentage of non-inter-level travel turns spent in this place.
 E = Turns spent auto-exploring this place as a percentage of non-inter-level travel turns spent in this place.
 F = Non-inter-level travel turns spent in this place divided by the number of levels of this place that you've seen.
                   A       B       C       D       E      F
               +-------+-------+-------+-------+-------+----------------------
         Total | 100.0 | 100.0 |   3.4 |  26.5 |  59.8 | 628.5
       Dungeon | 100.0 | 100.0 |   3.4 |  26.5 |  59.8 | 628.5
               +-------+-------+-------+-------+-------+----------------------

Table legend:
 A = Kills in this place as a percentage of kills in entire the game.
 B = Kills by you in this place as a percentage of kills by you in the entire game.
 C = Kills by friends in this place as a percentage of kills by friends in the entire game.
 D = Other kills in this place as a percentage of other kills in the entire game.
 E = Experience gained in this place as a percentage of experience gained in the entire game.
 F = Experience gained in this place divided by the number of levels of this place that you have seen.
                   A       B       C       D       E      F
               +-------+-------+-------+-------+-------+----------------------
         Total | 100.0 | 100.0 |   N/A |   N/A | 100.0 |  64.5
       Dungeon | 100.0 | 100.0 |   N/A |   N/A | 100.0 |  64.5
               +-------+-------+-------+-------+-------+----------------------
